cohdb
Replays
Latest Replays
All Replays
Popular Replays
Top Player Replays
Match Explorer
How It Works
Community
CoH3 Stats
Reddit
Sign in to upload your games and track your stats! →
Sign in with Steam
Match 42938808
Unlisted
Match 42938808
Overview
Messages
Build Orders
End
Construct Barracks
Scout Squad
1⁄4-ton 4x4 Truck
Riflemen Squad
Riflemen Squad
Infantry Support Center
Construct Weapon Support Center
Riflemen Squad
Grenade Package
M3 Armored Personnel Carrier
Selects Advanced Infantry Battlegroup
Selects Convert to Ranger Squad
Selects Frontline Medical Station
Frontline Medical Station
Selects Ammunition Storage
Engineer Squad
Selects M2A1 105mm Howitzer Emplacement
Advanced Logistics
pp123p
Fonzi
Agent-S
WrebbsJohnsonGiver
R.U.C
【HAN】biabiabiabiabiabiabiabi
Team saupiquet
Dolan Tittenberg
0
0
Comments
sign in to comment!
No comments posted yet!